 Dungeon Sprint DCSS version 0.22.0-13-g43fe8f2 (webtiles) character file.

14200000 poirepourri the Middleweight Champion (level 27, -48/273 HPs)
             Began as a Ghoul Gladiator on Aug 16, 2018.
             Was the Champion of Makhleb.
             Annihilated by The Servant
             ... wielding a +9 glaive of flaming
              (54 damage)
             ... in the Dungeon (Sprint VIII: "Arena of Blood").
             The game lasted 00:03:29 (142 turns).

poirepourri the Middleweight Champion (GhGl)         Turns: 142, Time: 00:03:30

Health: -48/273    AC:  8    Str: 22    XL:     27
Magic:  48/53      EV: 34    Int:  3    God:    Makhleb [******]
Gold:   0          SH:  0    Dex: 19    Spells: 80/80 levels left

rFire    . . .     SeeInvis .   k - +∞ Axe of Woe
rCold    + . .     Gourm    .   (shield currently unavailable)
rNeg     + + +     Faith    .   a - +0 leather armour
rPois    ∞         Spirit   .   b - +0 helmet
rElec    .         Reflect  .   (no cloak)
rCorr    .         Harm     .   (no gloves)
MR       ++...     NoTele   +   (no boots)
Stlth    +++++++++.             (no amulet)
HPRegen  0.00/turn              (no ring)
MPRegen  0.33/turn              (no ring)

@: rotting, slowed, very slow
A: rotting body, claws 1, carnivore, cold resistance 1, negative energy
resistance 3, inhibited regeneration, torment resistance, unbreathing
a: Minor Destruction, Lesser Servant of Makhleb, Major Destruction, Greater
Servant of Makhleb, Renounce Religion


You were in the Dungeon.
You worshipped Makhleb.
Makhleb was exalted by your worship.
You were not hungry.

You visited 1 branch

Inventory:

Hand Weapons
 k - the +∞ Axe of Woe (weapon)
   (You found it in the Dungeon)
Missiles
 c - 3 throwing nets (quivered)
Armour
 a - a +0 leather armour (worn)
 b - a +0 helmet (worn)
Jewellery
 l - a +30 ring of slaying
Scrolls
 j - a scroll of blinking
Potions
 g - a potion of haste
 h - 2 potions of magic
 i - a potion of berserk rage
Comestibles
 d - a ration


   Skills:
 O Level 27 Fighting
 O Level 27 Axes
 O Level 27 Throwing
 O Level 27 Armour
 O Level 27 Dodging
 O Level 27 Stealth
 O Level 27 Unarmed Combat
 O Level 27 Spellcasting
 O Level 27 Invocations


You had 80 spell levels left.
You didn't know any spells.
Your spell library was empty.

Dungeon Overview and Level Annotations

Branches:
Dungeon (1/1)

Altars:
Makhleb

Annotations:
D The Defiler, The Servant


Innate Abilities, Weirdness & Mutations

Your body is rotting away.
You thrive on raw meat.
You are immune to poison.
You have sharp fingernails.
You are carnivorous and can eat meat at any time.
Your flesh is cold resistant. (rC+)
You are immune to negative energy. (rN+++)
You do not regenerate when monsters are visible.
You are immune to unholy pain and torment.
You can survive without breathing.


Message History

You dice the large bag of meat like an onion!!!
You cleave the large bag of meat in twain.
The large bag of meat explodes!
The fiery explosion engulfs the dread.
The fiery explosion engulfs you!
The fiery explosion engulfs The Servant.
Makhleb accepts your kill.
You feel better.
You are engulfed in blazing flames.
You hear a shout!
The fleshlord points at you and mumbles some strange words.
You barely resist.
A destroyer comes into view.
It is wielding a +9 great sword of slicing.
The Defiler throws fire at you.
The fireball explodes!
The fireball engulfs you!
A meat beast comes into view.
The accursed casts a spell at you. Something smites you!
The Servant hits you from afar with a +9 glaive of flaming!!!!
* * * LOW HITPOINT WARNING * * *
The Servant burns you!!!
You die...

......... ......
#...W...# ...%..
#...S...# ......
.###.. .VX.###..M...
......###L§.§.......
......x_.ooXo§...%..
....#..)).#)W@S.W.#.
. #_.<)_#)§§S.....
...#..).)#)@)§..#.#
......._))S))).o...%
......###)..@.....#.
.###..X..).###...%..
#.......# %.o.O.
#.......# ...p..
.......... ....oo
........... #.2.#
.O.........


You could see an accursed, a meat beast (wandering), a tyrant, The Servant, a
destroyer (wandering), 4 scourges, a fleshlord, a large bag of meat (inner
flame), 2 large abominations, The Defiler, 3 dreads and 6 bags of meat.

Vanquished Creatures
  5 hell knights (D)
  11 hell beasts (D)
  4 greater mummies (D)
  2 great orbs of eyes (D)
  8 wraiths (D)
  22 vampire knights (D)
  54 ogres (D)
  5 two-headed ogres (D)
  8 liches (D)
  5 hydras (D)
  82 orcs (D)
  4 phantoms (D)
  7 skeletal warriors (D)
  4 sea snakes (D)
  14 large abominations (D)
  6 small abominations (D)
  10 crawling corpses (D)
251 creatures vanquished.

Vanquished Creatures (others)
  2 crawling corpses (D)
2 creatures vanquished.

Grand Total: 253 creatures vanquished

Notes
Turn   | Place    | Note
-------+----------+-------------------------------------------
     0 | D        | Found the +∞ Axe of Woe
     0 | D        | poirepourri the Ghoul Gladiator began the quest for the Orb.
     0 | D        | Reached XP level 1. HP: 17/17 MP: 0/0
     2 | D        | Noticed a meat berserker
     3 | D        | Became a worshipper of Makhleb the Destroyer
     3 | D        | Noticed a bag of meat
     3 | D        | Noticed a bag of meat
     5 | D        | Noticed a bag of meat
     6 | D        | Noticed a bag of meat
     7 | D        | Killed a meat berserker
     7 | D        | Reached skill level 10 in Throwing
     7 | D        | Reached XP level 2. HP: 42/42 MP: 1/1
     7 | D        | Reached XP level 3. HP: 49/49 MP: 2/2
     7 | D        | Reached XP level 4. HP: 57/57 MP: 3/3
     7 | D        | Reached XP level 5. HP: 63/63 MP: 4/4
     7 | D        | Reached XP level 6. HP: 71/71 MP: 5/5
     7 | D        | Reached XP level 7. HP: 78/78 MP: 6/6
     7 | D        | Reached XP level 8. HP: 85/85 MP: 7/7
     7 | D        | Reached XP level 9. HP: 92/92 MP: 8/8
     7 | D        | Reached XP level 10. HP: 100/100 MP: 9/9
     7 | D        | Reached XP level 11. HP: 106/106 MP: 10/10
     7 | D        | Reached XP level 12. HP: 113/113 MP: 11/11
     7 | D        | Reached XP level 13. HP: 119/119 MP: 12/12
     7 | D        | Noticed a meat berserker
     7 | D        | Noticed a meat berserker
     8 | D        | Killed a bag of meat
     8 | D        | Reached * piety under Makhleb
     8 | D        | Reached skill level 5 in Axes
     8 | D        | Reached XP level 14. HP: 130/130 MP: 13/13
     8 | D        | Killed a meat berserker
     8 | D        | Reached skill level 15 in Fighting
     8 | D        | Reached XP level 15. HP: 141/141 MP: 14/14
     8 | D        | Killed a meat berserker
     8 | D        | Reached skill level 27 in Unarmed Combat
     8 | D        | Reached XP level 16. HP: 155/155 MP: 15/15
     9 | D        | Reached ** piety under Makhleb
     9 | D        | Reached skill level 10 in Axes
     9 | D        | Reached skill level 15 in Throwing
    11 | D        | Reached skill level 27 in Dodging
    11 | D        | Reached XP level 17. HP: 123/170 MP: 16/16
    11 | D        | Reached *** piety under Makhleb
    11 | D        | Reached skill level 15 in Axes
    15 | D        | Noticed a meat berserker
    16 | D        | Reached XP level 18. HP: 190/190 MP: 17/17
    18 | D        | Reached **** piety under Makhleb
    18 | D        | Noticed a meat berserker
    18 | D        | Noticed a meat berserker
    19 | D        | Killed a meat berserker
    20 | D        | Reached skill level 27 in Fighting
    20 | D        | Reached XP level 19. HP: 207/207 MP: 18/18
    20 | D        | Noticed a meat berserker
    20 | D        | Noticed a meat berserker
    23 | D        | Killed a meat berserker
    23 | D        | Reached ***** piety under Makhleb
    23 | D        | Reached skill level 27 in Axes
    24 | D        | Killed a meat berserker
    24 | D        | Reached skill level 27 in Throwing
    24 | D        | Reached XP level 20. HP: 216/216 MP: 19/19
    24 | D        | Noticed a destroyer
    27 | D        | Killed a destroyer
    28 | D        | Killed a meat berserker
    28 | D        | Reached skill level 15 in Spellcasting
    28 | D        | Reached XP level 21. HP: 144/224 MP: 19/39
    32 | D        | Killed a meat berserker
    34 | D        | Noticed a meat berserker
    34 | D        | Noticed a meat berserker
    34 | D        | Noticed a destroyer
    34 | D        | Noticed a meat berserker
    35 | D        | Noticed a meat berserker
    35 | D        | Noticed a destroyer
    35 | D        | Noticed a meat berserker
    35 | D        | Noticed an eight-headed meat hydra
    36 | D        | Noticed a destroyer
    36 | D        | Killed a destroyer
    36 | D        | Reached skill level 27 in Stealth
    36 | D        | Reached XP level 22. HP: 233/233 MP: 21/42
    36 | D        | Killed a destroyer
    36 | D        | Reached ****** piety under Makhleb
    36 | D        | Reached skill level 27 in Invocations
    37 | D        | Reached XP level 23. HP: 240/240 MP: 21/51
    37 | D        | Reached skill level 27 in Armour
    37 | D        | Noticed a destroyer
    38 | D        | Reached skill level 27 in Spellcasting
    39 | D        | Reached XP level 24. HP: 249/249 MP: 21/53
    41 | D        | Killed a destroyer
    41 | D        | Noticed a destroyer
    42 | D        | Noticed a destroyer
    43 | D        | Reached XP level 25. HP: 257/257 MP: 22/53
    45 | D        | Killed a destroyer
    45 | D        | Reached XP level 26. HP: 266/266 MP: 23/53
    48 | D        | Killed a destroyer
    48 | D        | Reached XP level 27. HP: 273/273 MP: 23/53
    48 | D        | Noticed a destroyer
    49 | D        | Noticed a destroyer
    50 | D        | Killed a destroyer
    51 | D        | Noticed a destroyer
    51 | D        | Noticed a destroyer
    54 | D        | Killed a destroyer
    55 | D        | Killed a destroyer
    55 | D        | Killed a destroyer
    55 | D        | Noticed a destroyer
    56 | D        | Noticed a tyrant
    57 | D        | Killed a destroyer
    57 | D        | Noticed a meat beast
    60 | D        | Noticed a large bag of meat
    60 | D        | Killed a destroyer
    60 | D        | Killed a meat beast
    62 | D        | Noticed a meat beast
    64 | D        | Killed a meat beast
    64 | D        | Noticed a destroyer
    69 | D        | Noticed a large bag of meat
    70 | D        | Noticed a destroyer
    70 | D        | Noticed a destroyer
    71 | D        | Killed a large bag of meat
    71 | D        | Noticed a meat beast
    71 | D        | Noticed a dread
    72 | D        | Killed a tyrant
    72 | D        | Noticed a destroyer
    72 | D        | Noticed The Servant
    73 | D        | Noticed a large bag of meat
    73 | D        | Noticed an accursed
    74 | D        | Killed a destroyer
    74 | D        | Noticed a dread
    75 | D        | Killed a destroyer
    76 | D        | Noticed a tyrant
    76 | D        | Noticed a destroyer
    76 | D        | Killed a meat beast
    78 | D        | Killed a destroyer
    79 | D        | Killed a destroyer
    80 | D        | Killed a large bag of meat
    81 | D        | Noticed a dread
    82 | D        | Killed a large bag of meat
    82 | D        | Noticed a meat beast
    83 | D        | Killed a dread
    83 | D        | Noticed a large bag of meat
    84 | D        | Killed a dread
    85 | D        | Noticed a destroyer
    86 | D        | Killed an accursed
    86 | D        | Killed a destroyer
    87 | D        | Killed a meat beast
    87 | D        | Noticed a meat beast
    87 | D        | Noticed a meat beast
    88 | D        | Killed a destroyer
    88 | D        | Noticed a meat beast
    90 | D        | Noticed a dread
    91 | D        | Noticed a meat beast
    92 | D        | Killed a meat beast
    92 | D        | Killed a dread
    92 | D        | Noticed a meat beast
    93 | D        | Killed a meat beast
    94 | D        | Killed a meat beast
    96 | D        | Noticed a tyrant
    96 | D        | Noticed an accursed
    97 | D        | Noticed a tyrant
    99 | D        | Noticed an accursed
    99 | D        | Noticed a dread
   100 | D        | Killed a dread
   100 | D        | Killed a large bag of meat
   100 | D        | Noticed a meat beast
   101 | D        | Killed a tyrant
   101 | D        | Killed a meat beast
   102 | D        | Killed a meat beast
   104 | D        | Noticed a dread
   106 | D        | Killed a tyrant
   107 | D        | Killed a tyrant
   107 | D        | Noticed a destroyer
   108 | D        | Killed a meat beast
   109 | D        | Noticed a destroyer
   110 | D        | Noticed a meat beast
   111 | D        | Killed a dread
   111 | D        | Killed an accursed
   111 | D        | Noticed a tyrant
   112 | D        | Killed an accursed
   113 | D        | Noticed a dread
   114 | D        | Killed a dread
   114 | D        | Killed a destroyer
   115 | D        | Killed a meat beast
   116 | D        | Killed a destroyer
   119 | D        | Noticed an accursed
   123 | D        | Noticed a tyrant
   124 | D        | Killed a dread
   126 | D        | Killed a tyrant
   128 | D        | Noticed a fleshlord
   128 | D        | Noticed a fleshlord
   128 | D        | Noticed a dread
   128 | D        | Noticed a destroyer
   130 | D        | Killed a tyrant
   130 | D        | Noticed a dread
   131 | D        | Noticed an accursed
   132 | D        | Noticed a tyrant
   132 | D        | Noticed a tyrant
   132 | D        | Noticed a fleshlord
   133 | D        | Killed a destroyer
   133 | D        | Noticed a fleshlord
   134 | D        | Killed an accursed
   134 | D        | Noticed The Defiler
   135 | D        | Noticed a large bag of meat
   135 | D        | Noticed a tyrant
   135 | D        | Noticed a fleshlord
   136 | D        | Noticed a fleshlord
   137 | D        | Killed a fleshlord
   137 | D        | Noticed a destroyer
   138 | D        | Noticed a dread
   139 | D        | Killed a fleshlord
   140 | D        | Killed a destroyer
   140 | D        | Killed a fleshlord
   140 | D        | Killed a fleshlord
   140 | D        | Noticed a large bag of meat
   141 | D        | Killed a tyrant
   141 | D        | Killed a tyrant
   141 | D        | Killed a dread
   141 | D        | Killed a fleshlord
   141 | D        | Noticed a dread
   142 | D        | Killed a large bag of meat
   142 | D        | Noticed a destroyer
   142 | D        | Noticed a meat beast
   142 | D        | HP: 6/273 [The Servant/+9 glaive of flaming (111)]
   142 | D        | Annihilated by The Servant

Skill      XL: |  1  2  3  4  5  6  7  8  9 10 11 12 13 14 15 16 17 18 19 20 21 22 23 |
---------------+----------------------------------------------------------------------+-----
Fighting       | 12 13 15 17 20 23 27 | 27.0
Axes           | 4 5 7 9 13 19 24 27 | 27.0
Throwing       | 10 11 12 14 17 19 22 27 | 27.0
Dodging        | 18 20 22 24 27 | 27.0
Unarmed Combat | 21 23 25 27 | 27.0
Armour         | 16 18 26 27 | 27.0
Stealth        | 20 27 | 27.0
Spellcasting   | 15 17 25 27 | 27.0
Invocations    | 19 21 27 | 27.0

Action                   |  1- 3 |  4- 6 |  7- 9 | 10-12 | 13-15 | 16-18 | 19-21 | 22-24 | 25-27 || total
-------------------------+-------+-------+-------+-------+-------+-------+-------+-------+-------++-------
Melee: Executioner's axe |     1 |       |       |       |     1 |     7 |     7 |     7 |    90 ||   113
  Use: Potion            |       |       |       |       |       |       |       |       |     2 ||     2
Dodge: Dodged            |       |       |       |       |       |     2 |     1 |       |     7 ||    10
